AoeStats
← TIMVP

Arena

510364667Analyzed
2v2 RM · 8h ago on Sep 30, 2026· 47m 16s· 4 players
Game mode
Random Map
Map size
Medium (4 player)
Population
200
Speed
Normal
Resources
Standard
Victory
Conquest
Starting age
Dark Age
Ending age
Imperial Age
RankedLock teamsTeams togetherTeam positionsShared explorationLock speedFull tech treeHidden civsTurbo modeCheats
Victory
Defeat
🇩🇪 Varangians · Germany
744
+16
🇬🇧 Ethiopians · United Kingdom
727
+16
🇵🇪 Danes · Peru
740
-16
🇵🇪 Malay · Peru
730
-16
chipandcharge
0:36 Loom
11:46 Feudal Age
12:16 Double-Bit Axe
12:17 Horse Collar
20:15 Castle Age
20:23 Gold Mining
21:43 Bow Saw
21:38 Heavy Plow
23:28 Crossbowman
28:31 Thumb Ring
28:22 Fletching
28:34 Padded Archer Armor
29:23 Wheelbarrow
28:34 Town Watch
30:19 Gold Shaft Mining
29:34 Stone Mining
30:25 Leather Archer Armor
30:51 Ballistics
34:44 Imperial Age
33:34 Forging
33:22 Bodkin Arrow
34:12 Stone Mining
34:38 Caravan
35:25 Hand Cart
35:10 Town Patrol
34:54 Capped Ram
36:59 Stone Shaft Mining
36:08 Arbalester
36:52 Bracer
38:08 Ring Archer Armor
39:07 Chemistry
42:10 Two-Man Saw
42:15 Siege Engineers
42:21 Masonry
42:07 Murder Holes
42:08 Guard Tower
weachman
10:32 Feudal Age
10:59 Double-Bit Axe
11:46 Town Watch
13:49 Horse Collar
15:26 Stone Mining
20:54 Castle Age
19:22 Scale Barding Armor
19:54 Forging
21:42 Husbandry
22:06 Chain Barding Armor
22:24 Bow Saw
22:37 Squires
25:12 Heavy Plow
25:54 Caravan
26:54 Gold Mining
28:09 Fletching
32:52 Iron Casting
32:13 Bodkin Arrow
32:10 Arson
34:11 Vendel Legacy
37:42 Imperial Age
35:59 Vendel Legacy
36:56 Town Patrol
38:05 Gothikon
40:30 Cavalier
46:08 Chemistry
45:08 Elite Jarl
A†ilA
0:34 Loom
9:57 Feudal Age
10:47 Double-Bit Axe
12:04 Wheelbarrow
20:39 Castle Age
18:43 Horse Collar
21:30 Hand Cart
22:34 Heavy Plow
22:59 Bow Saw
23:50 Gold Mining
23:52 Stone Mining
25:10 Forging
26:00 Man-at-Arms
26:41 Squires
30:22 Pikeman
33:36 Imperial Age
32:52 Fletching
33:02 Padded Archer Armor
34:35 Forced Levy
37:28 Crop Rotation
37:44 Long Swordsman
38:14 Arson
39:11 Iron Casting
39:04 Two-Handed Swordsman
TIMVP
11:25 Feudal Age
11:51 Double-Bit Axe
18:25 Castle Age
17:25 Stone Mining
17:46 Horse Collar
19:07 Heavy Plow
19:20 Bow Saw
22:43 Stone Shaft Mining
27:39 Wheelbarrow
27:06 Gold Mining
33:07 Imperial Age
31:49 Scale Mail Armor
33:59 Hand Cart
34:40 Gold Shaft Mining
35:35 Conscription
38:27 Chain Mail Armor
39:39 Plate Mail Armor
39:47 Ballistics
40:28 Chemistry
42:12 Gambesons
41:47 Man-at-Arms
43:50 Pikeman
44:31 Squires
45:20 Halberdier
45:30 Onager
45:53 Elite Skirmisher
46:39 Thumb Ring
47:01 Thumb Ring
47:04 Padded Archer Armor
Connection lost

Rejoining the realm…

Still unreachable

The connection could not be restored.

Session expired

The server has moved on; the page needs a fresh start.